 Dungeon Crawl Stone Soup version bcrawl-1.27.3 (webtiles) character file.

Game seed: 3119478085851048564

450638 Banto the Carver (level 15, -5/134 HPs)
             Began as a Demigod Wanderer on Aug 10, 2020.
             Slain by Bai Suzhen (36 damage)
             ... on level 1 of the Elven Halls.
             The game lasted 01:07:23 (27916 turns).

Banto the Carver (Demigod Wanderer)                Turns: 27916, Time: 01:07:23

Health: -5/134     AC: 22    Str: 17    XL:     15   Next: 95%
Magic:  26/26      EV: 32    Int: 24    God:    Demigod [******]
Gold:   960        SH: 14    Dex: 27    Spells: 20/20 levels left

rFire    + . .     SeeInvis .   a - +9 demon blade (flame)
rCold    . . .     Gourm    .   (no shield)
rNeg     . . .     Faith    .   Q - +5 ring mail "Edghuj" {Int+4 Dex+5}
rPois    +         Spirit   .   v - +0 helmet
rElec    .         Reflect  .   P - scarf {clouds}
rCorr    .         Harm     .   O - +2 pair of gloves {Dex+3}
MR       ++...                  n - +1 pair of boots
Stlth    +++.......             m - amulet of rage
HPRegen  0.32/turn              T - +4 ring of evasion
MPRegen  0.20/turn              V - ring of poison resistance

@: heroism, lightly drained
A: large bone plates 1, clumsy 1, fire resistance 1, high mp 1, magic resistance
1
a: Temporal Distortion, Growth, Major Destruction, Heroism, Divine Shield,
Smiting, Evoke Fog, Evoke Berserk Rage


You were on level 1 of the Elven Halls.
You worshipped Demigod.
Demigod was exalted by your worship.
You were hungry.

You visited 6 branches of the dungeon, and saw 22 of its levels.
You also visited: Ice Cave.

You collected 2802 gold pieces.
You spent 1842 gold pieces at shops.

Inventory:

Hand Weapons
 a - a +9 demon blade of flaming (weapon)
 b - a +0 blowgun
 i - the +9 heavy crossbow "Sniper" {velocity, Acc+∞ SInv}
   (You found it on level 1 of the Snake Pit)

   Any bolt fired from it inflicts extra damage.
   It lets you see invisible.
Missiles
 q - 125 poisoned needles
 B - 4 throwing nets {=f}
 M - 788 poisoned tomahawks (quivered)
Armour
 l - a +2 scale mail of cold resistance
 n - a +1 pair of boots (worn)
 v - a +0 helmet (worn)
 O - a +2 pair of gloves of dexterity (worn)
 P - a scarf of clouds (worn)
 Q - the +5 ring mail "Edghuj" (worn) {Int+4 Dex+5}
   (You bought it in a shop in the Orcish Mines)

   It affects your intelligence (+4).
   It affects your dexterity (+5).
Jewellery
 m - an amulet of rage (around neck)
 C - an uncursed ring of flight
 T - a +4 ring of evasion (left hand)
 V - a ring of poison resistance (right hand)
Wands
 j - a wand of enslavement (6)
 k - a wand of acid (7)
 E - a wand of paralysis (14)
 G - a wand of disintegration (20)
 L - a wand of flame (24)
Scrolls
 c - 14 scrolls of teleportation
 f - 4 scrolls of fear
 g - 8 scrolls of blinking
 r - 9 scrolls of remove curse
 t - a scroll of enchant weapon
 u - 5 scrolls of amnesia
 w - a scroll of enchant armour
 x - 10 scrolls of identify
 z - 3 scrolls of fog
 D - 5 scrolls of immolation
 H - 2 scrolls of summoning
 I - a scroll of magic mapping
Potions
 d - 4 potions of curing
 h - 4 potions of brilliance
 o - 2 potions of heal wounds
 p - 2 potions of might
 s - a potion of agility
 A - 2 potions of cancellation
 F - 2 potions of lignification
 J - 2 potions of berserk rage
 K - a potion of magic
 N - 3 potions of resistance
 S - a potion of flight
Miscellaneous
 y - a sack of spiders
Comestibles
 e - 44 rations {!d}


   Skills:
 + Level 12.3(16.6) Fighting
 - Level 14.0(18.2) Long Blades
 - Level 1.0(5.4) Throwing
 + Level 12.3(16.6) Armour
 + Level 12.4(16.6) Dodging
 - Level 2.0(6.4) Stealth
 - Level 1.1(5.6) Unarmed Combat
 - Level 3.0(2.4) Spellcasting
 - Level 10.0(9.3) Invocations
 - Level 1.0(0.5) Evocations


You had 20 spell levels left.
You didn't know any spells.
Your spell library contained the following spells:

 Spells                   Type           Power        Failure   Level  Hunger
 Throw Frost              Conj/Ice       #.....       11%         2    ##.....
 Apportation              Tloc           #.....       17%         1    None
 Beastly Appendage        Tmut           #.....       17%         1    None
 Corona                   Hex            #......      17%         1    None
 Freeze                   Ice            #.....       17%         1    None
 Infusion                 Chrm           #.......     17%         1    None
 Magic Dart               Conj           #...         17%         1    None
 Sandblast                Erth           #.....       17%         1    None
 Slow                     Hex            #.......     17%         1    None
 Summon Butterflies       Summ           #.......     17%         1    None
 Ensorcelled Hibernation  Hex/Ice        #.....       26%         2    ##.....
 Passwall                 Tmut/Erth      #.......     26%         2    ##.....
 Searing Ray              Conj           #.......     26%         2    ##.....
 Shackle                  Hex            #.......     26%         2    ##.....
 Sticks to Snakes         Tmut           #.......     26%         2    ##.....
 Confuse                  Hex            #.......     45%         3    ####...
 Dazzling Orbs            Conj/Hex       #......      45%         3    ####...
 False Image              Hex/Summ       #.......     45%         3    ####...
 Inner Flame              Hex/Fire       N/A          45%         3    ####...
 Iskenderun's Mystic Bla  Conj           #.......     45%         3    ####...
 Ozocubu's Armour         Chrm/Ice       #.......     45%         3    ####...
 Spider Form              Tmut/Pois      #..          45%         3    ####...
 Tukima's Dance           Hex            #.......     45%         3    ####...
 Cause Fear               Hex            #.........   86%         4    ######.
 Fulminant Prism          Conj/Hex       #.........   86%         4    ######.
 Ice Form                 Ice/Tmut       #.......     86%         4    ######.
 Petrify                  Tmut/Erth      #.........   86%         4    ######.
 Summon Ice Beast         Ice/Summ       #.......     86%         4    ######.
 Throw Icicle             Conj/Ice       #.......     86%         4    ######.
 Yara's Violent Unravell  Hex/Tmut       #.........   86%         4    ######.
 Blade Hands              Tmut           #.........   99%         5    #######
 Irradiate                Conj/Tmut      #.........   99%         5    #######
 Iskenderun's Battlesphe  Conj/Chrm      #.......     99%         5    #######
 Metabolic Englaciation   Hex/Ice        #.........   99%         5    #######
 Borgnjor's Vile Clutch   Necr/Erth      #.........   100%        6    #######
 Darkness                 Hex            #.........   100%        6    #######
 Infestation              Hex/Tmut/Pois  #........    100%        6    #######
 Iron Shot                Conj/Erth      #.........   100%        6    #######
 Poison Arrow             Conj/Pois      #.........   100%        6    #######
 Shadow Creatures         Summ           N/A          100%        6    #######
 Mana Rupture             Conj/Hex       #.........   100%        7    #######
 Orb of Destruction       Conj           #.........   100%        7    #######
 Spellforged Servitor     Conj/Summ      #.........   100%        7    #######
 Time Stop                Chrm/Tloc      N/A          100%        8    #######


Dungeon Overview and Level Annotations

Branches:
Dungeon (12/12)            Temple (1/1) D:6            Lair (6/6) D:7
 Shoals (0/3) Lair:3        Snake (1/3) Lair:4        Slime (0/5) Lair:6
    Orc (1/1) D:8             Elf (1/3) Orc          Vaults (0/3) D:11
 Depths (0/5) D:12

Shops:
D:4 }=   D:9 *   D:10 ?   D:11 *   Orc ([?**

Annotations:
Lair:6 1 exclusion
Elf:1 Bai Suzhen


Innate Abilities, Weirdness & Mutations

You have an increased reservoir of magic. (+10% MP)
You are partially covered in large bone plates. (SH +4)
You are clumsy. (Dex -2)
Your flesh is heat resistant. (rF+)
You are resistant to hostile enchantments. (MR+)


Message History

Bai Suzhen tramples you but does no damage.
You block the wind drake's attack.
The swamp drake is struck by lightning.
You hear a shout!
You are feeling hungry.
You barely miss Bai Suzhen.
Bai Suzhen is almost dead.
The +4 halberd of protection completely misses you.
The death drake completely misses you. You block Bai Suzhen's attack.
Bai Suzhen misses you. Bai Suzhen completely misses you.
A +4 scimitar of holy wrath comes into view.
You hit Bai Suzhen but do no damage.
Bai Suzhen is almost dead.
The wind drake completely misses you.
The death drake is struck by lightning.
The death drake bites you!
* * * LOW HITPOINT WARNING * * *
The swamp drake is struck by lightning.
You block the +4 halberd of protection's attack.
Bai Suzhen bites you!!!
You die...
Your divinity fades.

# ## .## #.## ##.#####
##'...#+# ####
#.......# #...+#
#.......########k§..>#
+.......eeEee(.@Dk...+
#.......(#######kk...#
#######..# #...+# #E'#
#+## ..... .(......
###.###.## .# #. .. .


You could see Bai Suzhen (berserk), a death drake, 2 wind drakes, a deep elf
archer, 3 deep elf knights, an earth elemental, a swamp drake and 2 dancing
weapons.

Vanquished Creatures
  Gastronok (Lair:1)
  A nagaraja (Snake:1)
  2 orc warlords
  6 hydras
  Harold (D:10)
  2 ice dragons (IceCv)
  2 naga warriors (Snake:1)
  A centaur warrior (D:10)
  A queen ant (D:11)
  A catoblepas (D:11)
  3 dancing weapons
  A tengu warrior (D:11)
  A vampire mage (D:12)
  11 death yaks
  2 naga sharpshooters (Snake:1)
  Nergalle (D:9)
  A skeletal warrior (D:12)
  A storm dragon skeleton (D:12)
  An unseen horror (D:11)
  An obsidian statue (D:8)
  A wolf spider zombie (D:12)
  An orc knight (D:12)
  2 cyclopes (D:12)
  A necromancer (D:12)
  An orb spider (shapeshifter) (D:11)
  2 oklob plants (Lair:5)
  4 ugly things
  A salamander (Snake:1)
  An orc sorcerer (D:8)
  A wolf spider (Lair:5)
  4 deep elf magi
  A stone giant zombie (D:12)
  2 manticores (D:12)
  A guardian serpent (shapeshifter) (D:12)
  A stone giant skeleton (D:12)
  Joseph (Lair:1)
  8 black mambas
  4 ice statues
  2 torpor snails
  3 naga magi (Snake:1)
  14 elephants
  A guardian serpent (Snake:1)
  21 cane toads
  A komodo dragon (shapeshifter) (D:12)
  10 yaktaurs (D:12)
  12 komodo dragons
  A guardian mummy (D:12)
  7 rime drakes
  4 trolls
  3 meliai (D:12)
  9 polar bears
  4 tyrant leeches (Lair:4)
  Prince Ribbit (D:8)
  5 raiju (Lair:6)
  13 blink frogs
  A hornet (D:9)
  15 slime creatures
  6 hippogriffs
  A spriggan zombie (D:12)
  A vampire (D:12)
  3 shadows
  A fire elemental (Elf:1)
  24 yaks
  4 wyverns
  A hungry ghost (D:8)
  5 basilisks
  3 wargs (Lair:6)
  3 vampire mosquitoes (D:12)
  2 steam dragons
  Menkaure (D:4)
  20 soldier ants (D:11)
  Edmund (D:5)
  An acid dragon (D:12)
  15 water moccasins
  7 swamp worms (Lair:4)
  13 crocodiles
  Duvessa (D:5)
  8 porcupines
  10 hell hounds (Lair:6)
  28 orc warriors
  3 sky beasts
  A swamp drake (Lair:6)
  15 ice beasts
  13 black bears
  A phantom (D:8)
  3 necrophages
  3 eyes of draining
  5 ogres
  8 centaurs
  22 wolves
  A big kobold (D:8)
  11 bullfrogs
  A gnoll sergeant (D:8)
  Dowan (D:5)
  3 scorpions
  5 killer bees
  6 electric eels
  5 wights
  6 howler monkeys
  6 crimson imps
  3 centaur zombies
  2 bullfrog zombies
  A hound (D:4)
  5 jellies
  2 quasits
  19 orc priests
  2 bullfrog skeletons
  2 centaur skeletons
  3 iguanas
  34 orc wizards
  6 hell rats
  26 worker ants
  A hound zombie (D:5)
  4 worker ant zombies
  15 gnolls
  14 adders
  An ooze (D:3)
  An adder skeleton (D:6)
  4 worms
  A dart slug (D:3)
  A leopard gecko (D:6)
  106 orcs
  6 bats
  A giant cockroach (D:1)
  5 goblins
  5 hobgoblins
  12 jackals
  18 kobolds
  4 quokkas
  5 frilled lizards
  2 jackal skeletons
  A jackal zombie (D:6)
  4 rats
  A fungus (Lair:4)
  A plant (Lair:4)
801 creatures vanquished.

Vanquished Creatures (others)
  A polar bear (Lair:6)
  A warg (Lair:6)
  2 hell hounds (Lair:6)
  25 fungi
  58 plants
  13 withered plants (D:12)
100 creatures vanquished.

Grand Total: 901 creatures vanquished

Notes
Turn   | Place    | Note
-------+----------+-------------------------------------------
     0 | D:1      | Banto the Demigod Wanderer began the quest for the Orb.
     0 | D:1      | Banto set off with the following items: a +0 club, a scroll
                  | of blinking, a scroll of teleportation, a potion of curing,
                  | a ration {!d}, a scroll of fear, a +0 dagger, a +0 robe
     0 | D:1      | Reached XP level 1. HP: 18/18 MP: 3/3
   540 | D:1      | Reached XP level 2. HP: 21/25 MP: 5/5
   555 | D:1      | Reached skill level 1 in Invocations
   918 | D:1      | Reached XP level 3. HP: 14/30 MP: 1/7
  1706 | D:2      | Reached * piety under Demigod
  1857 | D:2      | Gained mutation: You are agile. (Dex +2) [potion of
                  | mutation]
  2447 | D:3      | Reached XP level 4. HP: 23/37 MP: 6/9
  2566 | D:3      | Reached skill level 1 in Long Blades
  3212 | D:4      | Found Wotebuf's Jewellery Emporium.
  3275 | D:4      | Found Cefer's Gadget Boutique.
  3418 | D:4      | Noticed an ogre
  3494 | D:4      | Killed an ogre
  3494 | D:4      | Reached skill level 2 in Long Blades
  3494 | D:4      | Reached skill level 5 in Invocations
  3494 | D:4      | Reached XP level 5. HP: 25/44 MP: 8/11
  3974 | D:4      | Reached ** piety under Demigod
  3974 | D:4      | Reached skill level 3 in Long Blades
  3974 | D:4      | Reached XP level 6. HP: 41/50 MP: 10/13
  4104 | D:5      | Entered Level 5 of the Dungeon
  4236 | D:5      | Found a sparkling altar of Nemelex Xobeh.
  4236 | D:5      | Found a faded altar of an unknown god.
  4286 | D:5      | Reached XP level 7. HP: 11/56 MP: 9/15
  4301 | D:5      | Reached skill level 4 in Long Blades
  4380 | D:5      | Noticed Duvessa
  4380 | D:5      | Noticed Dowan
  4382 | D:5      | Noticed Menkaure
  4512 | D:6      | Found a staircase to the Ecumenical Temple.
  4594 | D:6      | Reached skill level 5 in Long Blades
  4826 | D:4      | Killed Menkaure
  4888 | D:5      | Noticed Edmund
  4948 | D:5      | Reached skill level 6 in Long Blades
  4956 | D:5      | Reached XP level 8. HP: 27/62 MP: 10/16
  5304 | D:5      | Killed Dowan
  5380 | D:5      | Found a glowing silver altar of Zin.
  5386 | D:5      | Found a bloodstained altar of Trog.
  5387 | D:5      | Found a faded altar of an unknown god.
  5475 | D:5      | Reached skill level 7 in Long Blades
  5603 | D:5      | Killed Duvessa
  5693 | D:5      | Killed Edmund
  6237 | D:6      | Reached skill level 8 in Long Blades
  6385 | Temple   | Entered the Ecumenical Temple
  6543 | D:7      | Reached XP level 9. HP: 61/68 MP: 14/17
  6585 | D:7      | Reached *** piety under Demigod
  6624 | D:7      | Reached skill level 5 in Dodging
  6658 | D:7      | Found a staircase to the Lair.
  6658 | D:7      | Noticed a komodo dragon
  6673 | D:7      | Killed a komodo dragon
  6855 | D:7      | Found a glowing silver altar of Zin.
  6886 | D:7      | Reached skill level 9 in Long Blades
  7200 | D:7      | Reached skill level 1 in Armour
  7829 | D:8      | Found an ancient bone altar of Kikubaaqudgha.
  7896 | D:8      | Reached XP level 10. HP: 75/75 MP: 18/18
  7910 | D:8      | Found a corrupted altar of Lugonu.
  7923 | D:8      | Found a glowing golden altar of the Shining One.
  7939 | D:8      | Found an iron altar of Okawaru.
  8016 | D:8      | Reached **** piety under Demigod
  8139 | D:8      | Noticed an ice statue
  8161 | D:8      | Noticed an obsidian statue
  8191 | D:9      | Noticed Nergalle
  8219 | D:9      | Killed Nergalle
  8291 | D:8      | Reached skill level 10 in Long Blades
  8575 | D:8      | Found a staircase to the Orcish Mines.
  8626 | D:8      | Noticed Prince Ribbit
  8641 | D:8      | Killed Prince Ribbit
  8814 | D:9      | Reached skill level 5 in Armour
  8896 | D:9      | Reached ***** piety under Demigod
  9237 | D:9      | Noticed a brown ugly thing
  9252 | D:9      | Killed a brown ugly thing
  9471 | D:9      | Noticed a cyan ugly thing
  9585 | D:9      | Found Jizag's General Store.
  9807 | D:9      | Reached XP level 11. HP: 75/81 MP: 17/19
  9828 | D:10     | Entered Level 10 of the Dungeon
  9984 | D:10     | Noticed a five-headed hydra
 10065 | Lair:1   | Entered Level 1 of the Lair of Beasts
 10140 | Lair:1   | Noticed Gastronok
 10273 | Lair:1   | Killed Gastronok
 10273 | Lair:1   | Reached skill level 11 in Long Blades
 10611 | Lair:1   | Noticed Joseph
 10636 | Lair:1   | Killed Joseph
 10919 | Lair:1   | Reached XP level 12. HP: 81/88 MP: 21/21
 11387 | Lair:2   | Reached skill level 10 in Dodging
 11541 | Lair:2   | Reached skill level 12 in Long Blades
 11551 | Lair:2   | Got a sparkling ivory ring
 11608 | Lair:2   | Identified the cursed ring of Locres {Ice rN++ Int-5} (You
                  | found it on level 2 of the Lair of Beasts)
 12890 | Lair:3   | Reached skill level 5 in Fighting
 13455 | Lair:3   | Found a staircase to the Shoals.
 13674 | Lair:4   | Found a staircase to the Snake Pit.
 13880 | Lair:4   | Reached XP level 13. HP: 33/102 MP: 14/22
 14641 | Lair:4   | Reached skill level 13 in Long Blades
 14641 | Lair:4   | Reached skill level 10 in Armour
 14825 | Lair:4   | Reached ****** piety under Demigod
 16536 | Lair:6   | Entered Level 6 of the Lair of Beasts
 16552 | Lair:6   | Reached skill level 14 in Long Blades
 17052 | Lair:6   | Reached XP level 14. HP: 80/119 MP: 15/23
 17058 | Lair:6   | Reached skill level 10 in Fighting
 17083 | Lair:6   | Reached skill level 1 in Spellcasting
 17283 | Lair:6   | Found a staircase to the Slime Pits.
 17283 | Lair:6   | Found a viscous altar of Jiyva.
 18026 | Lair:6   | Reached skill level 10 in Invocations
 19076 | Orc      | Entered the Orcish Mines
 19107 | Orc      | Noticed an orc warlord
 19246 | D:8      | Killed an orc warlord
 19597 | Orc      | Found a staircase to the Elven Halls.
 19939 | Orc      | Noticed an orc warlord
 19992 | Orc      | Killed an orc warlord
 20046 | Orc      | Found Xefeorru's Antique Armour Emporium.
 20047 | Orc      | Found a roughly hewn altar of Beogh.
 20048 | Orc      | Found Dexulik's Antique Weapon Shoppe.
 20168 | Orc      | Found a roughly hewn altar of Beogh.
 20182 | Orc      | Found Yhiucha's Magic Scroll Boutique.
 20248 | Orc      | Found Odyuneto's Assorted Antiques.
 20375 | Orc      | Found a roughly hewn altar of Beogh.
 20384 | Orc      | Found Uxteg's Assorted Antiques.
 20402 | Orc      | Bought a bubbling black potion for 23 gold pieces
 20456 | Orc      | Found a roughly hewn altar of Beogh.
 20604 | Orc      | Found a roughly hewn altar of Beogh.
 20679 | Orc      | Found a roughly hewn altar of Beogh.
 20800 | Orc      | Bought a pair of embroidered gloves for 285 gold pieces
 20800 | Orc      | Bought a glowing scarf for 304 gold pieces
 20800 | Orc      | Bought a buzzing ring mail for 342 gold pieces
 20825 | Orc      | Identified the +5 ring mail "Edghuj" {Int+4 Dex+5} (You
                  | bought it in a shop in the Orcish Mines)
 20891 | Orc      | Bought a fading ring mail for 270 gold pieces
 20891 | Orc      | Bought a runed silver wand for 120 gold pieces
 20891 | Orc      | Identified the +2 ring mail of Charity {rC+ Int+6} (You
                  | bought it in a shop in the Orcish Mines)
 21220 | D:10     | Noticed Harold
 21308 | D:10     | Found Gitoul's Magic Scroll Shop.
 21954 | D:11     | Reached XP level 15. HP: 89/129 MP: 24/26
 22042 | D:11     | Found a gate to the Vaults.
 22113 | D:11     | Found a frozen archway.
 22132 | IceCv    | Entered an ice cave
 22518 | IceCv    | Got a shimmering tin amulet
 22691 | D:11     | Identified the amulet of Ymeot {Inacc MR- Dex+5} (You found
                  | it in an ice cave)
 22765 | D:11     | Found a hazy altar of Hepliaklqana.
 22851 | D:11     | Found Podiff's General Store.
 23246 | D:12     | Entered Level 12 of the Dungeon
 24621 | D:12     | Found a staircase to the Depths.
 25640 | Orc      | Bought a scroll of brand weapon for 288 gold pieces
 25711 | D:11     | Bought a +0 demon blade for 210 gold pieces
 26429 | D:10     | Killed Harold
 26775 | Lair:5   | Got a polished leather armour
 26815 | Lair:5   | Identified the cursed +1 leather armour "Metebus" {+Blink}
                  | (You found it on level 5 of the Lair of Beasts)
 26820 | Lair:5   | Lost mutation: You are agile. (Dex +2) [potion of mutation]
 26820 | Lair:5   | Gained mutation: You are partially covered in large bone
                  | plates. (SH +4) [potion of mutation]
 26820 | Lair:5   | Gained mutation: You are clumsy. (Dex -2) [potion of
                  | mutation]
 26820 | Lair:5   | Gained mutation: You are resistant to hostile enchantments.
                  | (MR+) [potion of mutation]
 26820 | Lair:5   | Gained mutation: Your flesh is heat resistant. (rF+)
                  | [potion of mutation]
 26874 | Snake:1  | Entered Level 1 of the Snake Pit
 26946 | Snake:1  | Noticed a nagaraja
 26974 | Snake:1  | Killed a nagaraja
 27136 | Snake:1  | Found the +9 heavy crossbow "Sniper" {velocity, Acc+∞ SInv}
 27265 | Snake:1  | Paralysed by fainting for 6 turns
 27275 | Snake:1  | Paralysed by fainting for 6 turns
 27511 | Elf:1    | Entered Level 1 of the Elven Halls
 27888 | Elf:1    | Noticed Bai Suzhen
 27916 | Elf:1    | Slain by Bai Suzhen

Skill      XL: |  1  2  3  4  5  6  7  8  9 10 11 12 13 14 15 |
---------------+----------------------------------------------+-----
Dodging        | 2 4 6 8 9 10 11 12 | 12.4
Invocations    | 2 3 5 6 7 10 | 10.0
Long Blades    | 2 3 6 8 9 10 11 12 14 | 14.0
Armour         | 3 5 7 9 10 11 12 | 12.3
Fighting       | 5 9 11 12 | 12.3
Spellcasting   | 3 |  3.0
Throwing       | |  1.0
Stealth        | |  2.0
Unarmed Combat | |  1.1
Evocations     | |  1.0

Action                   |  1- 3 |  4- 6 |  7- 9 | 10-12 | 13-15 || total
-------------------------+-------+-------+-------+-------+-------++-------
Melee: Mace              |   115 |       |       |       |       ||   115
       Falchion          |    32 |    25 |       |       |       ||    57
       Punch             |     1 |     1 |     4 |    13 |    31 ||    50
       Long sword        |       |    78 |   182 |       |       ||   260
       Unarmed           |       |     2 |       |       |       ||     2
       Scimitar          |       |       |   183 |   967 |  2363 ||  3513
       Demon blade       |       |       |       |       |   183 ||   183
 Fire: Blowgun           |       |    11 |    15 |       |       ||    26
Throw: Tomahawk          |       |       |       |       |     8 ||     8
Invok: Growth            |       |       |     1 |       |       ||     1
       Heroism           |       |       |       |     2 |     6 ||     8
       Major Destruction |       |       |       |     2 |       ||     2
       Smiting           |       |       |       |       |     8 ||     8
       Divine Shield     |       |       |       |       |     1 ||     1
 Abil: Evoke Flight      |       |       |       |       |     1 ||     1
       Evoke Fog         |       |       |       |       |     1 ||     1
Evoke: Wand              |       |       |       |       |    22 ||    22
  Use: Scroll            |     7 |       |     8 |     2 |    25 ||    42
       Potion            |     1 |       |     1 |       |     2 ||     4
 Stab: Sleeping          |     7 |     4 |     4 |       |     5 ||    20
       Confused          |       |       |       |       |     8 ||     8
       Paralysed         |       |       |       |       |     7 ||     7
  Eat: Chunk             |     9 |    11 |    24 |    41 |    79 ||   164
       Ration            |       |       |       |     1 |     5 ||     6
Armor: Leather armour    |    52 |    32 |    30 |       |       ||   114
       Ring mail         |       |       |    56 |    11 |    68 ||   135
       Scale mail        |       |       |       |   185 |   398 ||   583
Dodge: Dodged            |   121 |    62 |   186 |   602 |  1798 ||  2769
Block: Other             |       |     4 |    48 |   194 |   704 ||   950
